 Dungeon Crawl Stone Soup version 0.27-a0-650-g8dd3ea4f36 (webtiles) character file.

Game seed: 18064644414836189133

4795 HoaS the Grappler (level 10, -1/83 HPs)
             Began as a Demigod Gladiator on Mar 15, 2021.
             Slain by Maggie
             ... wielding a +1 glaive of flaming
              (18 damage)
             ... on level 8 of the Dungeon.
             The game lasted 00:18:32 (9345 turns).

HoaS the Grappler (Demigod Gladiator)               Turns: 9345, Time: 00:18:33

Health: -1/83      AC:  4    Str: 23    XL:     10   Next: 4%
Magic:  13/13      EV: 12    Int: 10    God:
Gold:   423        SH:  0    Dex: 25    Spells: 9/9 levels left

rFire    + . .     SeeInvis .     - Unarmed
rCold    . . .     Faith    .   (no shield)
rNeg     . . .     Spirit   .   k - +0 chain mail
rPois    .         Reflect  .   b - +2 helmet
rElec    .         Harm     .   (no cloak)
rCorr    .         Rampage  .   j - +2 pair of gloves
Will     +....                  (no boots)
Stlth    ..........             (no amulet)
HPRegen  0.23/turn              l - +6 ring of dexterity
MPRegen  0.13/turn              a - ring of protection from fire

@: corroded, mesmerised
A: high mp 1, forlorn
a: no special abilities


You were on level 8 of the Dungeon.
You visited 1 branch of the dungeon, and saw 8 of its levels.

You collected 423 gold pieces.

Inventory:

Missiles
 c - 3 throwing nets
 e - 44 poisoned darts (quivered)
 g - 15 boomerangs
 u - 5 javelins
 v - 13 curare-tipped darts
Armour
 b - a +2 helmet (worn)
 j - a +2 pair of gloves (worn)
 k - a +0 chain mail (worn)
Jewellery
 a - a ring of protection from fire (left hand)
 l - a +6 ring of dexterity (right hand)
Wands
 x - a wand of mindburst (13)
Scrolls
 d - 3 scrolls of teleportation
 t - 2 scrolls of fog
Potions
 f - 3 potions of flight
 h - a potion of attraction {unknown}
 i - 2 potions of mutation {unknown}
 m - a potion of magic {unknown}
 n - 2 potions of ambrosia
 o - 5 potions of curing
 p - a potion of might {unknown}
 q - 3 potions of resistance
 r - 2 potions of brilliance {unknown}
 w - a potion of lignification {unknown}


   Skills:
 + Level 6.1 Fighting
 - Level 1.7 Throwing
 + Level 6.1 Armour
 + Level 6.1 Dodging
 * Level 9.7 Unarmed Combat


You had 9 spell levels left.
You didn't know any spells.
Your spell library contained the following spells:

 Spells                   Type           Power      Damage    Failure   Level
 Shock                    Conj/Air       0%         1d3       95%         1
 Swiftness                Air            0%         N/A       98%         2
 Confusing Touch          Hex            0%         N/A       100%        3
 Gell's Gravitas          Tloc           0%         N/A       100%        3
 Static Discharge         Conj/Air       0%         N/A       100%        3
 Airstrike                Air            0%         N/A       100%        4
 Petrify                  Tmut/Erth      0%         N/A       100%        4
 Lightning Bolt           Conj/Air       0%         1d11      100%        5
 Metabolic Englaciation   Hex/Ice        0%         N/A       100%        5
 Yara's Violent Unravell  Hex/Tmut       0%         3d3       100%        5


Dungeon Overview and Level Annotations

Branches:
Dungeon (8/15)             Temple (0/1) D:6
   Lair: D:8-11

Shops:
D:7 [

Annotations:
D:7 2 transporters, alindkvist118's ghost, novice KoEn
D:8 Maggie


Innate Abilities, Weirdness & Mutations

Your attributes grow dramatically as you level up.
You have an increased reservoir of magic. (+10% MP)
You shall have no god before yourself.


Message History

Maggie is lightly wounded.
You throw a poisoned dart. The poisoned dart hits Maggie.
Maggie looks as sick as possible!
Maggie is lightly wounded.
Maggie zaps a wand.
The bolt of acid hits you! The acid corrodes you!
You are splashed with acid!
Maggie zaps a wand.
The bolt of acid hits you! The acid corrodes you!
You are splashed with acid!
Maggie hits you with a +1 glaive of flaming!
* * * LOW HITPOINT WARNING * * *
Maggie burns you.
* * * LOW HITPOINT WARNING * * *
You feel much better.
Maggie hits you with a +1 glaive of flaming!
* * * LOW HITPOINT WARNING * * *
Maggie burns you.
* * * LOW HITPOINT WARNING * * *
You feel much better. Maggie completely misses you.
You punch Maggie!
Maggie is heavily wounded.
Maggie mumbles some strange words.
Maggie draws you further into her thrall.
You barely miss Maggie.
Maggie is heavily wounded.
Maggie mumbles some strange words.
Maggie draws you further into her thrall.
You hit Maggie.
Maggie is severely wounded.
Maggie casts a spell.
Maggie draws you further into her thrall.
You punch Maggie!
Maggie is almost dead.
Maggie gives herself a magical halo, but it quickly sputters out.
Maggie zaps a wand.
The bolt of acid hits you. The acid corrodes you!
You are splashed with acid!
* * * LOW HITPOINT WARNING * * *
You closely miss Maggie.
Maggie is almost dead.
Maggie hits you with a +1 glaive of flaming!!
You die...

##..####.....
###............
#..............
#.###........#
## ##...#####
#...## ##..<#
##...## #.@...#
#.@........#
#.(....##....
#.(..### ###
#.(..## #..(.##
....# ....#


You could see Maggie (mesmerising, very poisoned).

Vanquished Creatures
  Harold (D:7)
  A two-headed ogre (D:8)
  A gargoyle (D:8)
  Menkaure (D:6)
  The ghost of bmj180 the Vandal, an amateur HaHu (D:3)
  2 water moccasins
  An orc warrior (D:5)
  3 black bears
  3 ice beasts
  A sky beast (D:8)
  An ogre (D:7)
  A necrophage (D:7)
  3 centaurs
  A kobold brigand (D:8)
  A bullfrog (D:8)
  A water moccasin zombie (D:6)
  A wyvern zombie (D:6)
  2 scorpions
  2 centaur zombies (D:6)
  A bullfrog zombie (D:6)
  3 orc priests
  3 hounds
  An iguana (D:6)
  Jessica (D:2)
  4 bullfrog skeletons
  Natasha (thrice) (D:2)
  8 orc wizards
  6 worker ants
  A hound zombie (D:6)
  A howler monkey zombie (D:8)
  A worker ant zombie (D:6)
  3 gnolls
  10 adders
  4 shadow imps
  5 white imps
  An ufetubus (D:8)
  An ooze (D:2)
  3 adder zombies (D:6)
  2 adder skeletons
  4 worms
  3 dart slugs
  5 leopard geckos
  33 orcs
  9 giant cockroaches
  5 goblins
  8 hobgoblins
  8 jackals
  3 quokkas
  A ball python (D:8)
  13 bats
  6 frilled lizards
  A jackal skeleton (D:6)
  13 kobolds
  A leopard gecko skeleton (D:4)
  A leopard gecko zombie (D:6)
  5 rats
209 creatures vanquished.

Vanquished Creatures (others)
  A withered plant (D:6)
1 creature vanquished.

Grand Total: 210 creatures vanquished

Notes
Turn   | Place    | Note
-------+----------+-------------------------------------------
     0 | D:1      | HoaS the Demigod Gladiator began the quest for the Orb.
     0 | D:1      | Reached XP level 1. HP: 17/17 MP: 3/3
     0 | D:1      | Noticed a human
     1 | D:1      | Noticed an elf
     3 | D:1      | Noticed a troll
     5 | D:1      | Noticed an ogre
     6 | D:1      | Noticed an elf
     7 | D:1      | Noticed a gargoyle
     9 | D:1      | Noticed a spriggan
    11 | D:1      | Noticed a gargoyle
    13 | D:1      | Noticed a felid
    15 | D:1      | Noticed an ogre
    15 | D:1      | Noticed a centaur
    17 | D:1      | Noticed an octopode
    17 | D:1      | Noticed a ghoul
    19 | D:1      | Noticed a ghoul
    19 | D:1      | Noticed a dwarf
    21 | D:1      | Noticed a human
    68 | D:1      | Reached skill level 3 in Unarmed Combat
   268 | D:1      | Reached XP level 2. HP: 22/24 MP: 4/4
   887 | D:2      | Reached XP level 3. HP: 15/29 MP: 5/5
   896 | D:2      | Reached skill level 4 in Unarmed Combat
  1096 | D:2      | Noticed Jessica
  1103 | D:2      | Killed Jessica
  1111 | D:2      | Noticed Natasha
  1121 | D:2      | Killed Natasha
  1122 | D:2      | Reached XP level 4. HP: 26/36 MP: 6/6
  1299 | D:2      | Reached skill level 5 in Unarmed Combat
  1487 | D:2      | Noticed Natasha
  1498 | D:2      | Killed Natasha
  1639 | D:2      | Reached XP level 5. HP: 32/41 MP: 7/7
  1658 | D:2      | Noticed Natasha
  1666 | D:2      | Killed Natasha
  1973 | D:3      | Reached skill level 6 in Unarmed Combat
  2163 | D:3      | Reached skill level 1 in Armour
  2167 | D:3      | HP: 2/41 [orc/+0 whip (4)]
  2253 | D:3      | Reached XP level 6. HP: 32/48 MP: 8/8
  2889 | D:3      | Noticed a water moccasin
  2908 | D:3      | Killed a water moccasin
  3190 | D:3      | Found a runed translucent gate.
  3191 | D:3      | Found a runed translucent gate.
  3192 | D:3      | Found a runed translucent gate.
  3193 | D:3      | Noticed bmj180's ghost (amateur HaHu)
  3251 | D:3      | Killed bmj180's ghost
  3605 | D:4      | Reached XP level 7. HP: 57/57 MP: 9/9
  4278 | D:5      | Entered Level 5 of the Dungeon
  5265 | D:4      | Reached skill level 7 in Unarmed Combat
  5568 | D:5      | Reached XP level 8. HP: 58/58 MP: 10/10
  6533 | D:5      | Reached skill level 8 in Unarmed Combat
  7100 | D:6      | Noticed Menkaure
  7110 | D:6      | Killed Menkaure
  7315 | D:6      | Found a staircase to the Ecumenical Temple.
  7651 | D:7      | Reached skill level 5 in Armour
  7651 | D:7      | Reached skill level 5 in Dodging
  7651 | D:7      | Reached XP level 9. HP: 63/73 MP: 11/11
  7709 | D:7      | Reached skill level 5 in Fighting
  7845 | D:7      | Found Numpir's Armour Shop.
  7938 | D:7      | Noticed Harold
  7948 | D:7      | Killed Harold
  7949 | D:7      | Reached skill level 9 in Unarmed Combat
  8300 | D:7      | Found a transporter.
  8300 | D:7      | Noticed alindkvist118's ghost (novice KoEn)
  8301 | D:7      | Found the brooch of Shielding {Spirit SH+8}
  8307 | D:7      | Found a transporter.
  8739 | D:8      | Noticed a two-headed ogre
  8775 | D:8      | Killed a two-headed ogre
  9043 | D:8      | Noticed a gargoyle
  9062 | D:8      | Killed a gargoyle
  9063 | D:8      | Reached XP level 10. HP: 38/83 MP: 13/13
  9325 | D:8      | Noticed Maggie
  9345 | D:8      | Slain by Maggie

Illustrated notes

Levels and vault maps discovered:
D:1:      shiori_arrival_whats_in_store_for_you, layout_loops_ring
D:2:      layout_rooms, overflow_temple_1_default, uniq_jessica, uniq_natasha
D:3:      layout_rooms, lemuel_crystal_altar, tso_oasis_becter,
          ebering_ghost_rock_garden, palyth_stone_intersect
D:4:      layout_loops_cross, old_standard_altar
D:5:      layout_layer_cave, kennysheep_mini_moat
D:6:      layout_basic, chequers_temple_overflow_minitemple,
          minmay_temple_entry_arrows, serial_undead, serial_undead_f,
          serial_undead_a, serial_undead_a, serial_undead_f, uniq_menkaure
D:7:      layout_loops_ring, gammafunk_ghost_smash, serial_shops,
          nicolae_shop_statue_plus, ashenzari_altar_1, uniq_harold
D:8:      minmay_chambers_of_fours, layout_cave_pods, trog_ov_bears_minmay,
          uniq_erica, uniq_maggie

Skill      XL: |  1  2  3  4  5  6  7  8  9 |
---------------+----------------------------+-----
Unarmed Combat | 3 4 5 6 7 8 9 |  9.7
Fighting       | 2 3 4 6 |  6.1
Armour         | 1 3 5 6 |  6.1
Dodging        | 3 5 6 |  6.1
Throwing       | |  1.7

Action                   |  1- 3 |  4- 6 |  7- 9 | 10-12 || total
-------------------------+-------+-------+-------+-------++-------
Melee: Unarmed           |   119 |   286 |   520 |     5 ||   930
       Punch             |       |     9 |    28 |       ||    37
Throw: Throwing net      |     1 |       |     4 |       ||     5
       Dart              |       |       |     1 |     9 ||    10
Evoke: Wand              |       |       |     2 |       ||     2
  Use: Scroll            |     4 |     7 |     7 |       ||    18
       Potion            |       |     1 |     2 |     2 ||     5
 Stab: Held in net/web   |     2 |       |     4 |       ||     6
       Sleeping          |       |     1 |       |       ||     1
Armor: Leather armour    |    33 |    29 |       |       ||    62
       Chain mail        |       |   108 |   251 |       ||   359
Dodge: Dodged            |    87 |   137 |   265 |     2 ||   491

Table legend: (Time is in decaauts)
 A = Elapsed time spent in this place.
 B = Non-inter-level travel time spent in this place.
 C = Inter-level travel time spent in this place.
 D = Time resting spent in this place.
 E = Time spent auto-exploring this place.
 F = Levels seen in this place.
 G = Mean time per level.
                   A        B        C        D        E       F      G
               +--------+--------+--------+--------+--------+-----+--------+
         Total |   9246 |   8954 |    292 |   3614 |   3651 |   8 | 1155.8 |
       Dungeon |   9246 |   8954 |    292 |   3614 |   3651 |   8 | 1155.8 |
               +--------+--------+--------+--------+--------+-----+--------+

Top non-repeatable levels by time:
     D:5: 2010 daAuts
     D:2: 1309 daAuts
     D:3: 1183 daAuts
     D:6: 1059 daAuts
     D:4: 1048 daAuts
     D:7: 1020 daAuts
     D:1: 844 daAuts
     D:8: 769 daAuts
